Map: Acropolis LE

Players

Dingus - Winner!

  • Race: Protoss Protoss
  • League: Bronze
  • Spawn Location: 11:00

Djorn

  • Race: Protoss Protoss
  • League: Silver
  • Spawn Location: 5:00

VOD

Have the link to the VOD?

Description

Time

  • Played on: Aug. 26, 2019, 9:14 p.m.
  • Length: 8:45
Show
View Real Time Build Order
Export as new Build Order

Dingus Protoss - Winner!

Build Orders: Double Forge 

Get SALT Encoding   

  12  0:02  Probe  
  13  0:19  Probe  
  14  0:31  Pylon, Probe  
  15  0:49  Probe  
  16  0:54  Gateway  
  16  1:00  Gateway  
  16  1:05  Probe  
  17  1:24  Pylon, Probe  
  18  1:42  Zealot  
  20  1:52  Cybernetics Core  
  20  2:00  Probe  
  20  2:01  Pylon  
  21  2:03  Assimilator  
  21  2:14  Probe  
  22  2:29  Gateway  
  22  2:30  Probe  
  22  2:32  Gateway  
  23  2:41  Warp Gate  
  23  2:45  Probe  
  24  2:53  Probe, Assimilator  
  24  2:58  Zealot x2  
  29  3:13  Pylon  
  29  3:15  Probe  
  30  3:30  Probe  
  31  3:38  Probe  
  31  3:43  Pylon  
  31  3:44  Pylon  
  31  3:57  Sentry  
  33  4:13  Gateway  
  33  4:15  Gateway  
  33  4:20  Pylon  
  33  4:26  Forge  
  33  4:27  Forge  
  33  4:32  Stalker x3  
  33  4:35  Sentry  
  41  5:07  Shield Battery  
  41  5:08  Stalker  
  41  5:09  Gateway, Stalker x2  
  47  5:31  Protoss Ground Weapons Level 1  
  47  5:32  Stalker  
  49  5:45  Zealot x2  
  49  5:46  Zealot  
  51  6:13  Stalker x2  
  51  6:14  Stalker  
  51  6:15  Stalker  
  53  6:50  Stalker x4  
  53  6:52  Stalker  
  57  7:20  Stalker x3  
  63  7:49  Pylon  
  63  8:09  Gateway  
  63  8:12  Sentry x2  
  67  8:13  Stalker  
  67  8:14  Stalker x2  
  71  8:21  Photon Cannon  
Show
View Real Time Build Order
Export as new Build Order

Djorn Protoss 

Build Orders:  

Get SALT Encoding   

  12  0:01  Probe  
  13  0:13  Probe  
  14  0:21  Pylon  
  14  0:28  Probe  
  15  0:41  Gateway  
  15  0:43  Probe  
  16  0:51  Probe  
  16  0:53  Assimilator  
  17  1:00  Probe  
  18  1:13  Probe  
  18  1:14  Gateway  
  19  1:25  Probe  
  20  1:51  Cybernetics Core  
  20  1:54  Pylon  
  20  2:28  Probe  
  21  2:33  Assimilator  
  21  2:40  Probe  
  22  2:46  Stalker  
  22  2:52  Probe, Stalker  
  22  2:57  Warp Gate  
  27  3:24  Pylon  
  27  3:29  Robotics Facility  
  27  3:36  Probe  
  28  3:41  Stalker  
  28  3:48  Probe  
  31  4:00  Probe  
  31  4:02  Stalker  
  34  4:11  Stalker  
  34  4:12  Probe  
  37  4:18  Pylon  
  37  4:24  Observer  
  38  4:41  Immortal  
  42  4:49  Pylon  
  42  4:59  Gateway  
  42  5:00  Gateway  
  42  5:02  Gateway  
  42  5:10  Shield Battery  
  42  5:22  Forge  
  42  5:29  Pylon  
  42  5:30  Immortal  
  46  5:44  Robotics Facility  
  46  5:52  Gateway  
  34  6:31  Zealot x3  
  31  6:49  Immortal  
  22  7:02  Nexus  
  22  7:06  Zealot x3  
  26  7:22  Warp Prism, Gateway  
  22  7:26  Gateway  
  16  7:50  Zealot  
  12  7:57  Gateway  
  10  8:01  Pylon  
  10  8:33  Zealot x2  
Tags
 
Matchup
PvP
Replay Pack
sc2replays
Spawn Locations
Cross Positions
Add a new tag
Caveats
  • Supply blocks, unpowered buildings, or Contaminate may cause inaccurate times.
  • Supply counts are checked every 10 seconds.